Map: Lerilak Crest

Players

iaguz - Winner!

  • Race: Terran Terran

PiG

  • Race: Zerg Zerg
  • League: Grandmaster

Event: 2016 WCS Winter Challenger Oceania SEA

VOD

Have the link to the VOD?

Description

Time

  • Played on: Feb. 13, 2016, 11:51 p.m.
  • Length: 9:43

All games in this series

Show
View Real Time Build Order
Export as new Build Order

iaguz Terran - Winner!

Build Orders: Reaper Expand, MMM Bio 

Get SALT Encoding   

  12  0:00  SCV  
  13  0:13  SCV  
  14  0:17  Supply Depot  
  14  0:25  SCV  
  15  0:38  SCV  
  15  0:40  Barracks  
  16  0:44  Refinery  
  16  0:50  SCV  
  17  1:03  SCV  
  18  1:15  SCV  
  19  1:27  Orbital Command  
  19  1:28  Reaper  
  20  1:42  Command Center  
  20  1:49  Supply Depot  
  20  1:52  SCV  
  21  1:59  Marine  
  22  2:04  SCV  
  23  2:12  Factory  
  23  2:17  Refinery, SCV  
  23  2:21  Barracks Reactor  
  24  2:29  SCV  
  25  2:41  SCV  
  26  2:53  SCV  
  26  2:54  Orbital Command  
  26  2:57  Marine x2  
  29  2:59  Starport  
  29  3:00  Factory Tech Lab  
  29  3:05  SCV  
  30  3:15  Bunker, Marine x2  
  30  3:17  SCV  
  33  3:21  SCV  
  33  3:23  Siege Tank  
  37  3:32  SCV  
  37  3:33  Supply Depot  
  37  3:34  Marine x2  
  37  3:37  SCV  
  40  3:42  Medivac  
  40  3:45  SCV  
  43  3:49  SCV  
  43  3:50  Supply Depot  
  44  3:56  Marine x2  
  44  3:57  SCV  
  44  3:59  Widow Mine  
  44  4:01  SCV  
  50  4:09  SCV  
  51  4:11  Barracks  
  51  4:13  SCV  
  51  4:14  Barracks  
  52  4:21  SCV  
  52  4:22  Supply Depot  
  53  4:25  SCV  
  54  4:33  SCV  
  54  4:37  SCV, Marine  
  49  4:45  SCV  
  49  4:49  SCV  
  48  4:53  Bunker  
  48  4:54  Supply Depot x2  
  48  4:55  Marine  
  48  4:57  SCV  
  50  5:01  SCV, Marine x2  
  50  5:05  Siege Tank  
  56  5:10  SCV  
  56  5:13  SCV, Marine  
  57  5:19  Marine  
  57  5:20  Liberator, Orbital Command  
  57  5:21  Marine  
  56  5:22  SCV  
  53  5:31  Marine  
  53  5:34  SCV  
  52  5:46  SCV x2  
  53  5:52  Barracks Tech Lab x2  
  53  5:53  Engineering Bay  
  53  5:54  Barracks Tech Lab  
  53  5:56  Bunker  
  52  5:58  SCV x2  
  54  6:10  Siege Tank, SCV x2  
  59  6:14  Refinery  
  59  6:15  Refinery  
  59  6:17  Barracks  
  59  6:18  Stimpack  
  59  6:19  Combat Shields  
  59  6:22  SCV x2  
  61  6:34  SCV  
  61  6:35  SCV  
  61  6:39  Barracks  
  63  6:43  Supply Depot, Marine x4  
  63  6:44  Supply Depot  
  63  6:46  Terran Infantry Weapons Level 1  
  67  6:51  SCV x2  
  69  7:03  SCV  
  69  7:05  SCV  
  71  7:11  Marine x2  
  71  7:12  Siege Tank  
  76  7:22  Barracks Reactor, Starport Reactor  
  71  7:25  Marine x2  
  71  7:26  Supply Depot  
  71  7:29  Barracks Reactor, Marine x2  
  70  7:43  Marine x2  
  73  7:47  Marine x2  
  73  7:51  Siege Tank  
  77  7:53  Supply Depot  
  77  7:54  Command Center  
  77  7:55  Supply Depot  
  77  7:59  Marine x2  
  77  8:00  Medivac x2  
  77  8:01  Marine x2  
  77  8:03  Missile Turret  
  77  8:05  Marine x2  
  87  8:06  Missile Turret  
  87  8:07  Marine x2  
  89  8:17  Marine x2  
  89  8:18  Marine  
  89  8:19  Marine  
  93  8:22  Marine x2  
  93  8:25  Factory, Marine x2  
  93  8:26  Siege Tank  
  97  8:33  Medivac x2  
  101  8:34  Marine  
  101  8:35  Marine  
  101  8:36  Marine x2  
  101  8:40  Marine x2  
  107  8:42  Supply Depot  
  107  8:43  Marine x2  
  107  8:44  Supply Depot  
  109  8:52  Marine x2  
  109  8:54  Marine x2  
  113  9:00  Marine  
  113  9:03  Marine x3  
  113  9:04  Siege Tank  
  119  9:10  Marine  
  119  9:17  Factory Tech Lab, Marine x3  
  120  9:18  Marine  
  120  9:20  Marine  
  120  9:24  Marine x2  
Show
View Real Time Build Order
Export as new Build Order

PiG Zerg 

Build Orders: Hatch First, Zergling Baneling 

Get SALT Encoding   

  12  0:00  Drone  
  13  0:12  Overlord  
  13  0:17  Drone  
  14  0:30  Drone x2  
  14  0:34  Drone  
  17  0:51  Hatchery  
  17  0:54  Drone  
  17  1:01  Drone  
  18  1:05  Extractor  
  17  1:12  Spawning Pool  
  17  1:17  Drone  
  17  1:20  Drone  
  18  1:29  Drone  
  19  1:38  Overlord  
  19  1:49  Drone  
  20  2:00  Zergling x2, Queen  
  23  2:03  Zergling x2  
  24  2:08  Metabolic Boost  
  24  2:10  Zergling x2  
  24  2:14  Drone  
  27  2:22  Drone  
  27  2:24  Queen  
  27  2:26  Drone  
  30  2:35  Queen  
  32  2:41  Drone x2  
  32  2:43  Extractor  
  33  2:54  Overlord x2  
  33  2:58  Zergling x4  
  35  3:06  Zergling x2  
  36  3:15  Zergling x8  
  40  3:22  Zergling x4  
  40  3:23  Baneling Nest  
  41  3:30  Zergling x2  
  42  3:37  Zergling x8  
  46  3:51  Overlord  
  46  3:52  Zergling x6  
  48  3:59  Zergling x2  
  49  4:06  Baneling x8  
  49  4:07  Baneling x3  
  49  4:08  Zergling x4  
  51  4:11  Zergling x6  
  51  4:16  Zergling x2  
  43  4:32  Zergling x10  
  44  4:38  Zergling x2  
  44  4:40  Baneling x2  
  43  4:47  Zergling x6  
  44  4:57  Drone x2  
  44  4:59  Drone  
  45  5:07  Drone x4  
  47  5:14  Hatchery  
  47  5:19  Drone x4  
  48  5:26  Queen  
  47  5:38  Drone  
  47  5:39  Drone x3  
  49  5:43  Lair  
  49  5:46  Drone x2, Evolution Chamber  
  49  5:47  Drone  
  49  5:49  Drone  
  52  5:55  Drone x2  
  54  5:57  Extractor  
  54  5:58  Extractor  
  52  6:10  Drone x2  
  54  6:11  Drone x2  
  54  6:12  Drone x2  
  54  6:14  Zerg Ground Armor Level 1  
  54  6:18  Extractor  
  57  6:20  Drone  
  57  6:22  Overlord  
  57  6:25  Overlord x2  
  58  6:26  Overlord  
  58  6:32  Drone x3  
  61  6:38  Drone x2  
  63  6:43  Centrifical Hooks  
  63  6:45  Drone  
  64  6:48  Zergling x8  
  68  6:54  Zergling x6  
  68  6:55  Overseer  
  67  7:15  Zergling x4  
  67  7:16  Zergling x8  
  67  7:20  Drone x5  
  77  7:27  Drone x3  
  77  7:28  Drone  
  78  7:33  Spore Crawler  
  75  7:50  Drone x4  
  75  7:51  Drone x3  
  82  7:52  Drone  
  82  7:53  Hatchery  
  82  8:03  Drone x3  
  85  8:08  Extractor  
  84  8:19  Drone x2  
  87  8:20  Drone  
  87  8:21  Drone x2  
  89  8:27  Overlord x4  
  89  8:31  Spire  
  89  8:34  Hatchery  
  87  8:37  Queen  
  87  8:41  Zergling x2  
  90  8:42  Overlord x4  
  90  8:43  Overlord  
  90  8:51  Zergling x10  
  95  8:55  Zergling x2  
  95  8:58  Zergling x2  
  95  9:02  Zergling x8  
  98  9:08  Zergling x10, Baneling x8  
  103  9:12  Baneling  
  103  9:13  Zergling x2, Baneling  
  103  9:16  Zergling x6  
  107  9:21  Zergling x6  
Tags
 
Add a new tag
Caveats
  • Supply blocks, unpowered buildings, or Contaminate may cause inaccurate times.
  • Supply counts are checked every 10 seconds.